 Dungeon Crawl Stone Soup version 0.30-a0-777-ga9a30cbeda (webtiles) character file.

Game seed: 15342335244730537906

409 DEFE the Shooter (level 6, -2/41 HPs)
             Began as a Demonspawn Wanderer on Feb 14, 2023.
             Killed from afar by an orc wizard (6 damage)
             ... with a magic dart
             ... on level 4 of the Dungeon.
             The game lasted 00:04:17 (4963 turns).

DEFE the Shooter (Demonspawn Wanderer)              Turns: 4963, Time: 00:04:18

Health: -2/41      AC:  5    Str: 14 (17) XL:     6   Next: 58%
Magic:  9/9        EV: 10    Int:  9 (12) God:
Gold:   16         SH:  0    Dex: 13 (16) Spells: 8/9 levels left

rFire   + . .      SeeInvis .    d - +4 mace "Sehirphe" {drain, rC+ Dex+3}
rCold   + . .      Faith    .    (no shield)
rNeg    . . .      Spirit   .    b - +0 ring mail
rPois   .          Reflect  .    (no helmet)
rElec   .          Harm     .    (no cloak)
rCorr   .          Rampage  .    (no gloves)
Will    .....                    (no boots)
Stlth   ++                       (no amulet)
HPRegen 0.26/turn                v - ring of protection from fire
MPRegen 0.11/turn                (no ring)

@: no status effects
A: thin skeletal structure 1, demonic guardian 1
a: no special abilities


You were on level 4 of the Dungeon.
You visited 1 branch of the dungeon, and saw 4 of its levels.

You collected 168 gold pieces.
You spent 152 gold pieces at shops.

Inventory:

Hand Weapons
 a - a +2 sling
 d - the +4 mace "Sehirphe" (weapon) {drain, rC+ Dex+3}
   (You bought it in a shop on level 3 of the Dungeon)

   Dex:       It affects your dexterity (+3).
   rC:        It protects you from cold.
 e - a +0 mace
 s - a +0 flail
 y - a +0 dagger of venom
Armour
 b - a +0 ring mail (worn)
 r - a +0 buckler
Jewellery
 v - a ring of protection from fire (left hand)
 w - an amulet of magic regeneration
Wands
 x - a wand of polymorph (4)
Scrolls
 c - a scroll of fear
 f - 6 scrolls of identify {unknown}
 g - a scroll of immolation {unknown}
 j - a scroll of enchant armour {unknown}
 m - a scroll of amnesia {unknown}
 o - a scroll of vulnerability {unknown}
 u - 2 scrolls of teleportation {unknown}
Potions
 k - a potion of heal wounds {unknown}
 l - 2 potions of haste
 n - 2 potions of degeneration
 p - a potion of resistance {unknown}
 q - a potion of berserk rage {unknown}
 t - a potion of flight {unknown}


   Skills:
 + Level 4.8 Maces & Flails
 - Level 5.2 Ranged Weapons
 - Level 1.7 Armour
 - Level 2.0 Spellcasting
 - Level 1.0 Hexes
 - Level 1.2 Invocations


You had 8 spell levels left.
You knew the following spells:

 Your Spells              Type           Power      Damage    Failure   Level
a - Slow                  Hex            8%         N/A       41%         1

Your spell library contained the following spells:

 Spells                   Type           Power      Damage    Failure   Level
 Sublimation of Blood     Necr           0%         N/A       69%         2
 Wereblood                Tmut           0%         N/A       69%         2
 Confusing Touch          Hex            2%         N/A       78%         3
 Summon Hydra             Summ           0%         N/A       100%        7


Dungeon Overview and Level Annotations

Branches:
Dungeon (4/15)
 Temple: D:4-7

Altars:

Shops:
D:3 (


Innate Abilities, Weirdness & Mutations

You have a somewhat thin skeletal structure. (Dex +2, Stealth+)
A weak demonic guardian rushes to your aid.


Message History

Your ufetubus closely misses the orc.
Something hits you but does no damage.
Unknown command.
Unknown command.
You take 3 damage, and have 5/41 hp.
Unknown command.
You feel better.
Your ufetubus closely misses the orc. x2
You hear some strange, mumbled words.
A magic dart appears from out of thin air!
The magic dart hits you.
* * * LOW HITPOINT WARNING * * *
Your ufetubus barely misses the orc.
Your ufetubus hits the orc.
You regained 4 hp, and now have 9/41 hp.
Unknown command.
You hit something. Your ufetubus hits the orc.
Your ufetubus barely misses the orc.
The orc hits your ufetubus but does no damage.
Your ufetubus completely misses the orc.
Your ufetubus closely misses the orc.
Unknown command.
Unknown command.
The orc hits your ufetubus with a +0 dagger.
The orc hits you with a +0 hand axe.
* * * LOW HITPOINT WARNING * * *
Something hits you but does no damage.
Your ufetubus completely misses the orc.
Your ufetubus barely misses the orc.
There is an open door here.
You take 5 damage, and have 4/41 hp.
Unknown command.
Unknown command.
You sock the orc!
You kill the orc!
The orc hits you with a +0 hand axe.
* * * LOW HITPOINT WARNING * * *
A demonic guardian appears!
The orc hits your ufetubus but does no damage.
You hear some strange, mumbled words.
A magic dart appears from out of thin air!
The magic dart hits you.
You die...

#######.......#
.....)).......+.......#
......#.......#.......#
....).#.......#.......#
......#.......#.......#
......#.......#.......#
......#.......#[..<...+ ..
......#[......#)5o....#...
###...#.......##@######..
#+####.....##{.#.....#
#.....#5..#.....# ..
#.....#...#.....# ..
#.....#.>>'.....# ..
#.....+...#.....# #.
#.....#####.....##
###..............#
+..............#


You could see an orc (very drained, ally target) and 2 friendly ufetubi.

Vanquished Creatures
  A phantom (D:4)
  Ijyb (D:3)
  7 adders
  5 gnolls
  A worm (D:2)
  A dart slug (D:4)
  4 orcs
  7 ball pythons
  An endoplasm (D:4)
  4 giant cockroaches
  3 goblins
  5 hobgoblins
  4 jackals (D:1)
  A quokka (D:3)
  5 bats
  2 frilled lizards
  5 kobolds
  2 rats (D:1)
59 creatures vanquished.

Vanquished Creatures (collateral kills)
  A phantom (D:4)
  A gnoll bouda (D:4)
  An adder (D:2)
  3 gnolls
  An endoplasm (D:4)
7 creatures vanquished.

Vanquished Creatures (others)
  5 plants (D:3)
  4 toadstools (D:1)
9 creatures vanquished.

Grand Total: 75 creatures vanquished

Notes
Turn   | Place    | Note
-------+----------+-------------------------------------------
     0 | D:1      | DEFE the Demonspawn Wanderer began the quest for the Orb.
     0 | D:1      | DEFE set off with the following items: a +2 sling, a +0
                  | ring mail, a scroll of fear; and the following spell
                  | memorised: Slow; and the following spells available to
                  | memorise: Confusing Touch.
     0 | D:1      | Reached XP level 1. HP: 13/13 MP: 3/3
   213 | D:1      | Reached skill level 4 in Ranged Weapons
   351 | D:1      | Gained mutation: A weak demonic guardian rushes to your
                  | aid. [demonic ancestry]
   351 | D:1      | Reached XP level 2. HP: 19/19 MP: 5/5
   786 | D:2      | Reached XP level 3. HP: 24/24 MP: 6/6
  1327 | D:2      | Reached skill level 5 in Ranged Weapons
  1474 | D:2      | Reached XP level 4. HP: 30/30 MP: 7/7
  1896 | D:3      | Found Xaliar's Antique Weapon Shop.
  2069 | D:2      | Reached skill level 1 in Maces & Flails
  2410 | D:2      | HP: 1/30 [gnoll/+0 flail (7)]
  2745 | D:3      | Found a faded altar of an unknown god.
  2829 | D:3      | Noticed Ijyb
  2845 | D:3      | Killed Ijyb
  2846 | D:3      | Gained mutation: You have a somewhat thin skeletal
                  | structure. (Dex +2, Stealth+) [demonic ancestry]
  2846 | D:3      | Reached XP level 5. HP: 35/35 MP: 8/8
  3522 | D:4      | Identified the +2 leather armour of Nowul {rC- Str-3 Slay+5
                  | SInv}
  3557 | D:4      | Identified the +0 robe of Davviur {rF+ rN+ Str-5 Int+4}
  3804 | D:4      | Noticed a phantom
  3824 | D:4      | Killed a phantom
  3825 | D:4      | Reached XP level 6. HP: 22/41 MP: 9/9
  4924 | D:3      | Bought an ancient mace for 152 gold pieces
  4924 | D:3      | Identified the +4 mace "Sehirphe" {drain, rC+ Dex+3} (You
                  | bought it in a shop on level 3 of the Dungeon)
  4963 | D:4      | Killed from afar by an orc wizard

Illustrated notes

Levels and vault maps discovered:
D:1:      ldierk_walled_garden_2, layout_loops_ring
D:2:      layout_basic, minmay_hexomino_u4
D:3:      layout_loops_ring, hellmonk_ecumenical_altar_pennies_from_heaven,
          serial_shops, shop, grunt_ministairs_8, serial_bayou_lagoon_b,
          uniq_ijyb
D:4:      layout_gridville

Skill      XL: |  1  2  3  4  5 |
---------------+----------------+-----
Ranged Weapons | 4 5 |  5.2
Maces & Flails | 2 4 |  4.8
Armour         | |  1.7
Spellcasting   | |  2.0
Hexes          | |  1.0
Invocations    | |  1.2

Action                     |  1- 3 |  4- 6 || total
---------------------------+-------+-------++-------
  Melee: Unarmed           |       |     7 ||     7
         Punch             |       |     2 ||     2
         Dagger            |       |    50 ||    50
         Flail             |       |    39 ||    39
         Mace              |       |    10 ||    10
   Fire: Sling             |    87 |    60 ||   147
  Evoke: Wand              |       |     1 ||     1
    Use: Potion            |       |     7 ||     7
         Scroll            |       |     1 ||     1
   Stab: Sleeping          |       |     1 ||     1
 Armour: Ring mail         |    17 |    29 ||    46
         Skin              |       |     5 ||     5
  Dodge: Dodged            |    29 |    65 ||    94

Table legend: (Time is in decaauts)
 A = Elapsed time spent in this place.
 B = Non-inter-level travel time spent in this place.
 C = Inter-level travel time spent in this place.
 D = Time resting spent in this place.
 E = Time spent auto-exploring this place.
 F = Levels seen in this place.
 G = Mean time per level.
                   A        B        C        D        E       F      G
               +--------+--------+--------+--------+--------+-----+--------+
         Total |   5016 |   4814 |    202 |   1679 |   2502 |   4 | 1254.0 |
       Dungeon |   5016 |   4814 |    202 |   1679 |   2502 |   4 | 1254.0 |
               +--------+--------+--------+--------+--------+-----+--------+

Top non-repeatable levels by time:
     D:2: 1711 daAuts
     D:4: 1433 daAuts
     D:3: 1099 daAuts
     D:1: 772 daAuts
